 Dungeon Crawl Stone Soup version 0.26.1-11-gd32895ea62 (webtiles) character file.

Game seed: 12680314265721217969

204 rlgrobin the Caller (level 5, -1/21 HPs)
             Began as a Felid Summoner on May 19, 2021.
             Slain by a jackal (2 damage)
             ... on level 6 of the Dungeon.
             The game lasted 00:27:47 (5852 turns).

rlgrobin the Caller (Felid Summoner)                Turns: 5852, Time: 00:27:48

Health: -1/21      AC:  1    Str:  4    XL:     5   Next: 52%
Magic:  11/11      EV: 19    Int: 17    God:
Gold:   207        SH:  0    Dex: 17    Spells: 7/10 levels left
                                        Lives:  0   Deaths: 1

rFire    . . .     SeeInvis +   (weapon unavailable)
rCold    . . .     Faith    .   (shield unavailable)
rNeg     . . .     Spirit   .   (armour unavailable)
rPois    .         Reflect  .   (helmet unavailable)
rElec    .         Harm     .   (cloak unavailable)
rCorr    .         Rampage  .   (gloves unavailable)
Will     .....                  (boots unavailable)
Stlth    +++.......             g - amulet of the acrobat
HPRegen  0.07/turn              (no ring)
MPRegen  0.12/turn              (no ring)

@: quick
A: very small, no armour, no weapons or thrown items, stealth, claws 1, fangs 3,
see invisible, speed 1, shaggy fur 1, sharp paws
a: no special abilities


You were on level 6 of the Dungeon.
You visited 1 branch of the dungeon, and saw 6 of its levels.

You collected 207 gold pieces.

Inventory:

Jewellery
 g - an amulet of the acrobat (around neck)
 l - an uncursed ring of protection from cold {unknown}
Scrolls
 p - 3 scrolls of identify
Potions
 b - a potion of brilliance {unknown}
 e - a potion of degeneration
 f - a potion of flight {unknown}
 i - 2 potions of might
 j - a potion of haste {unknown}
 k - a potion of ambrosia {unknown}
 m - a potion of curing {unknown}
 o - a potion of attraction {unknown}


   Skills:
 - Level 4.0 Dodging
 + Level 5.1 Stealth
 + Level 3.3 Spellcasting
 * Level 5.5 Summonings


You had 7 spell levels left.
You knew the following spells:

 Your Spells              Type           Power        Failure   Level
a - Summon Small Mammal   Summ           84%          1%          1
b - Call Imp              Summ           21%          2%          2

Your spell library contained the following spells:

 Spells                   Type           Power        Failure   Level
 Call Canine Familiar     Summ           21%          5%          3
 Summon Guardian Golem    Hex/Summ       12%          16%         3
 Summon Ice Beast         Ice/Summ       12%          47%         4
 Summon Lightning Spire   Summ/Air       12%          47%         4


Dungeon Overview and Level Annotations

Branches:
Dungeon (6/15)
 Temple: D:4-7

Altars:
Xom
Yredelemnul

Annotations:
D:2 exclusion: downstairs
D:3 exclusions: centaur and downstairs
D:4 exclusions: door, downstairs and 1 more exclusion


Innate Abilities, Weirdness & Mutations

You cannot wear armour.
You are incapable of wielding weapons or throwing items.
Your paws allow you to move quietly. (Stealth)
You have sharp claws.
You have razor-sharp teeth.
You have supernaturally acute eyesight. (SInv)
You cover ground quickly.
You are covered in fur. (AC +1)
Your sharp claws are effective at attacking unaware monsters.


Message History

Really abort (and waste the scroll)?
Okay, then.
The jackal closely misses you.
Your crimson imp hits the jackal.
The jackal barely misses your crimson imp.
As you read the scroll labelled EWNEUXZAIPN, it crumbles to dust.
You feel blessed for a moment.
It was a scroll of remove curse.
The orc priest shouts!
You hear a shout!
The jackal bites you. The jackal bites your crimson imp.
The orc priest mumbles some strange prayers to Beogh against you.
Beogh smites you!
Ouch! That really hurt!
* * * LOW HITPOINT WARNING * * *
Your crimson imp misses the jackal.
The jackal barely misses you.
As you read the scroll labelled NESUVAI UPLU, it crumbles to dust.
It is a scroll of enchant weapon.
You aren't carrying any weapons that can be enchanted.
The jackal bites your crimson imp but does no damage.
Your crimson imp hits the jackal but does no damage.
The jackal bites you.
You die...

,***,* *,* *,* ,* *,* *,* *,* ,*
*,* *,* *,* ,* *,* *,* *,* ,* *,*
*,* *,*
,***,****,***,###################
,,,,,,,,,,,,,,...................
****,****.###.######.........##..
,,,,,,,,,..o....@hh5...........5÷
*********.##########h5.......##.†
* *,* #.....).........##.. * *,*
#...............##.. **** *,*
#..5............##.. ,,,* *,*
#..h###.........##.. ,,,* *,*
#.5.# ############.. ,,,*
*,***#...# #.. ,,,* *,,,,#...#
#..


You could see an orc priest, 3 jackals and 2 friendly crimson imps.

Vanquished Creatures
  A hound (D:4)
  A worker ant (D:4)
  A hound skeleton (D:4)
  An adder zombie (D:4)
  A dart slug (D:1)
  2 leopard geckos
  8 bats
  2 giant cockroaches
  2 goblins
  3 hobgoblins
  10 kobolds
  4 frilled lizards
  5 rats
41 creatures vanquished.

Vanquished Creatures (collateral kills)
  A sky beast (D:6)
  An ogre (D:4)
  A bullfrog (D:6)
  A bullfrog skeleton (D:6)
  An iguana (D:4)
  5 adders
  2 dart slugs (D:1)
  3 leopard geckos (D:3)
  6 orcs
  3 goblins
  3 hobgoblins
  3 kobolds
  3 quokkas
  A bat (D:1)
  2 frilled lizards (D:3)
  4 rats
  A spectral orc (D:4)
41 creatures vanquished.

Grand Total: 82 creatures vanquished

Notes
Turn   | Place    | Note
-------+----------+-------------------------------------------
     0 | D:1      | rlgrobin the Felid Summoner began the quest for the Orb.
     0 | D:1      | Reached XP level 1. HP: 7/7 MP: 4/4
   177 | D:1      | Reached XP level 2. HP: 9/11 MP: 4/6
   543 | D:1      | Learned a level 2 spell: Call Imp
  1891 | D:2      | Reached XP level 3. HP: 14/14 MP: 7/7
  2989 | D:3      | Reached XP level 4. HP: 11/18 MP: 5/8
  3528 | D:3      | Noticed a centaur
  4054 | D:4      | Noticed an ogre
  4080 | D:4      | Killed an ogre
  4081 | D:4      | Reached XP level 5. HP: 21/21 MP: 1/10
  4439 | D:4      | Found a basalt altar of Yredelemnul.
  4492 | D:4      | Reached skill level 5 in Summonings
  4570 | D:4      | Found a shimmering altar of Xom.
  5162 | D:5      | Entered Level 5 of the Dungeon
  5187 | D:5      | Noticed a sky beast
  5187 | D:5      | Noticed an ice beast
  5301 | D:6      | Noticed a sky beast
  5395 | D:6      | Slain by a sky beast
  5396 | D:6      | Reached XP level 4. HP: -2/18 MP: 8/9
  5428 | D:6      | Noticed a bullfrog
  5445 | D:6      | Killed a bullfrog
  5546 | D:6      | Killed a sky beast
  5547 | D:6      | Reached skill level 5 in Stealth
  5547 | D:6      | Reached XP level 5. HP: 14/21 MP: 6/11
  5851 | D:6      | HP: 1/21 [orc priest/divine providence (11)]
  5852 | D:6      | Slain by a jackal

Illustrated notes

Levels and vault maps discovered:
D:1:      wander_arrival_desolate, layout_loops_ring, minmay_box_of_dots
D:2:      layout_basic, serial_forest, infiniplex_forest_straight_4,
          infiniplex_forest_end_1, infiniplex_forest_clump_small,
          infiniplex_forest_straight_1, infiniplex_forest_clump_small,
          infiniplex_forest_corner_2, infiniplex_forest_clump_curved,
          kennysheep_nondescript, minmay_vboxes
D:3:      layout_rooms, st_stairs_1
D:4:      layout_loops_corners, xom_teletrap_fun,
          yredelemnul_forgotten_temple_becter, uniq_robin
D:5:      gammafunk_wand_slinger, layout_loops_ring,
          minmay_temple_entry_offerings, chequers_jeans,
          nemelex_lonely_heart_becter
D:6:      layout_basic, basic_altar, lightli_ossuary_entry_decrepit_ruins

Skill      XL: |  1  2  3  4  5 |
---------------+----------------+-----
Dodging        | 3 4 |  4.0
Stealth        | 3 5 |  5.1
Spellcasting   | 3 |  3.3
Summonings     | 5 |  5.5

Action                   |  1- 3 |  4- 6 || total
-------------------------+-------+-------++-------
Melee: Unarmed           |   113 |   106 ||   219
       Bite              |    14 |    12 ||    26
 Cast: Summon Small Mamm |    15 |       ||    15
       Call Imp          |    26 |    44 ||    70
  Use: Potion            |     1 |     1 ||     2
       Scroll            |     2 |     6 ||     8
 Stab: Sleeping          |     7 |     1 ||     8
       Distracted        |     1 |     3 ||     4
Armor: Skin              |     8 |     8 ||    16
Dodge: Dodged            |   105 |   131 ||   236
